TOP OF THE 1ST |
Mt Pleasant Bearcats batting - Pitching for Penquannock Overrated Jeter : RHP Richard Edwards
|
Pitching: RHP Richard Edwards
|
|
Batting: RHB Jeffrey Hicks
|
0-0: Swinging Strike 0-1: Ball 1-1: Swinging Strike 1-2: Strikes out swinging
|
Batting: RHB Ryosei Yamamoto
|
0-0: Called Strike 0-1: Swinging Strike 0-2: Ball 1-2: Strikes out looking
|
Batting: RHB Juan Trujillo
|
0-0: Called Strike 0-1: Ball 1-1: Swinging Strike 1-2: Strikes out swinging
|
Top of the 1st over - 0 run(s), 0 hit(s), 0 error(s), 0 left on base; Mt Pleasant 0 - Penquannock 0 |
BOTTOM OF THE 1ST |
Penquannock Overrated Jeter batting - Pitching for Mt Pleasant Bearcats : LHP Dwight Livingston
|
Pitching: LHP Dwight Livingston
|
|
Batting: RHB António Rodríguez
|
0-0: Fly out, F9 (Flyball, 9LSF)
|
Batting: RHB Doug Brown
|
0-0: Ball 1-0: Ground out 5-3 (Groundball, 56)
|
Batting: RHB José Velásquez
|
0-0: Ball 1-0: Called Strike 1-1: Ball 2-1: Foul Ball, location: 2F 2-2: Strikes out swinging
|
Bottom of the 1st over - 0 run(s), 0 hit(s), 0 error(s), 0 left on base; Mt Pleasant 0 - Penquannock 0 |
TOP OF THE 2ND |
Mt Pleasant Bearcats batting - Pitching for Penquannock Overrated Jeter : RHP Richard Edwards
|
Batting: SHB Roberto Rivera
|
0-0: SINGLE (Groundball, 4MD)
|
Batting: RHB Jim Beck
|
0-0: Called Strike 0-1: Ball 1-1: Fly out, F4 (Flyball, 34D)
|
Batting: RHB Irving Galloway
|
0-0: Swinging Strike 0-1: Grounds into double play, 5-4-3 (Groundball, 5)
|
Top of the 2nd over - 0 run(s), 1 hit(s), 0 error(s), 0 left on base; Mt Pleasant 0 - Penquannock 0 |
BOTTOM OF THE 2ND |
Penquannock Overrated Jeter batting - Pitching for Mt Pleasant Bearcats : LHP Dwight Livingston
|
Batting: LHB Pete Weber
|
0-0: Swinging Strike 0-1: Foul Ball, location: 2F 0-2: Strikes out swinging
|
Batting: LHB Tony Green
|
0-0: Called Strike 0-1: Ball 1-1: Called Strike 1-2: Strikes out swinging
|
Batting: RHB Manny Perea
|
0-0: Ball 1-0: Ground out 1-3 (Groundball, P)
|
Bottom of the 2nd over - 0 run(s), 0 hit(s), 0 error(s), 0 left on base; Mt Pleasant 0 - Penquannock 0 |
TOP OF THE 3RD |
Mt Pleasant Bearcats batting - Pitching for Penquannock Overrated Jeter : RHP Richard Edwards
|
Batting: RHB Tom Hicks
|
0-0: Ball 1-0: Foul Ball, location: 2F 1-1: Called Strike 1-2: Ball 2-2: Strikes out swinging
|
Batting: SHB Juan Carlos González
|
0-0: Ball 1-0: Called Strike 1-1: Swinging Strike 1-2: Ball 2-2: Ball 3-2: Foul Ball, location: 2F 3-2: SINGLE (Flyball, 8LS)
|
Batting: RHB Yasutoki Kojima
|
0-0: Reached on error, E3 (Groundball, 34S) Juan Carlos González to third
|
Batting: RHB Jeffrey Hicks
|
0-0: Called Strike 0-1: Foul Ball, location: 2F 0-2: Strikes out swinging
|
Batting: RHB Ryosei Yamamoto
|
0-0: Foul Ball, location: 2F 0-1: Ball 1-1: Foul Ball, location: 2F 1-2: Ball 2-2: Strikes out swinging
|
Top of the 3rd over - 0 run(s), 1 hit(s), 1 error(s), 2 left on base; Mt Pleasant 0 - Penquannock 0 |
BOTTOM OF THE 3RD |
Penquannock Overrated Jeter batting - Pitching for Mt Pleasant Bearcats : LHP Dwight Livingston
|
Batting: RHB Armando Pagán
|
0-0: Foul Ball, location: 2F 0-1: Swinging Strike 0-2: Ball 1-2: Strikes out swinging
|
Batting: RHB Barton Frazier
|
0-0: Foul Ball, location: 2F 0-1: Fly out, F7 (Line Drive, 7LM)
|
Batting: LHB Matt Reese
|
0-0: Swinging Strike 0-1: Called Strike 0-2: Strikes out swinging
|
Bottom of the 3rd over - 0 run(s), 0 hit(s), 0 error(s), 0 left on base; Mt Pleasant 0 - Penquannock 0 |
TOP OF THE 4TH |
Mt Pleasant Bearcats batting - Pitching for Penquannock Overrated Jeter : RHP Richard Edwards
|
Batting: RHB Juan Trujillo
|
0-0: Ball 1-0: Ball 2-0: Ball 3-0: Base on Balls
|
Pitching: RHP Javier González
|
|
Batting: SHB Roberto Rivera
|
0-0: Called Strike 0-1: Ball 1-1: Grounds into double play, 6-4-3 (Groundball, 6)
|
Batting: RHB Jim Beck
|
0-0: Called Strike 0-1: DOUBLE (Groundball, 5L)
|
Batting: RHB Irving Galloway
|
0-0: Ball 1-0: Ball 2-0: Ground out 4-3 (Groundball, 4)
|
Top of the 4th over - 0 run(s), 1 hit(s), 0 error(s), 1 left on base; Mt Pleasant 0 - Penquannock 0 |
BOTTOM OF THE 4TH |
Penquannock Overrated Jeter batting - Pitching for Mt Pleasant Bearcats : LHP Dwight Livingston
|
Batting: RHB António Rodríguez
|
0-0: Ball 1-0: Called Strike 1-1: Ball 2-1: Ball 3-1: Foul Ball, location: 2F 3-2: Base on Balls
|
Batting: RHB Doug Brown
|
0-0: Foul Ball, location: 2F 0-1: Ball 1-1: Foul Ball, location: 2F 1-2: Ball 2-2: Ball 3-2: DOUBLE (Flyball, 89D) António Rodríguez to third
|
Batting: RHB José Velásquez
|
0-0: Ball 1-0: SINGLE (Line Drive, 8RS) António Rodríguez scores Doug Brown to third Runner from 3rd tries for Home, SAFE, throw made home José Velásquez to second
|
Batting: LHB Pete Weber
|
0-0: Called Strike 0-1: Ball 1-1: Ground out 4-3 (Groundball, 4) José Velásquez to third
|
Batting: LHB Tony Green
|
0-0: Ball 1-0: Ball 2-0: Swinging Strike 2-1: Ball 3-1: 2-RUN HOME RUN (Flyball, 89XD), Distance : 415 ft
|
Batting: RHB Manny Perea
|
0-0: Ball 1-0: Fly out, F8 (Flyball, 78M)
|
Batting: RHB Armando Pagán
|
0-0: Foul Ball, location: 2F 0-1: Swinging Strike 0-2: Strikes out swinging
|
Bottom of the 4th over - 4 run(s), 3 hit(s), 0 error(s), 0 left on base; Mt Pleasant 0 - Penquannock 4 |
TOP OF THE 5TH |
Mt Pleasant Bearcats batting - Pitching for Penquannock Overrated Jeter : RHP Javier González
|
Batting: RHB Tom Hicks
|
0-0: Ball 1-0: Foul Ball, location: 2F 1-1: Swinging Strike 1-2: Strikes out swinging
|
Batting: SHB Juan Carlos González
|
0-0: Swinging Strike 0-1: Foul Ball, location: 2F 0-2: Ball 1-2: Ball 2-2: Foul Ball, location: 2F 2-2: Foul Ball, location: 2F 2-2: Foul Ball, location: 2F 2-2: Foul Ball, location: 2F 2-2: Foul Ball, location: 2F 2-2: Strikes out looking
|
Batting: RHB Yasutoki Kojima
|
0-0: Called Strike 0-1: Ball 1-1: Swinging Strike 1-2: Foul Ball, location: 2F 1-2: Foul Ball, location: 2F 1-2: Ball 2-2: Strikes out swinging
|
Top of the 5th over - 0 run(s), 0 hit(s), 0 error(s), 0 left on base; Mt Pleasant 0 - Penquannock 4 |
BOTTOM OF THE 5TH |
Penquannock Overrated Jeter batting - Pitching for Mt Pleasant Bearcats : LHP Dwight Livingston
|
Batting: RHB Barton Frazier
|
0-0: Ball 1-0: Ball 2-0: Ball 3-0: Called Strike 3-1: Base on Balls
|
Batting: LHB Matt Reese
|
0-0: Fly out, F9 (Flyball, 89XD)
|
Batting: RHB António Rodríguez
|
0-0: SINGLE (Line Drive, 4D) Barton Frazier to second
|
Batting: RHB Doug Brown
|
0-0: Foul Ball, location: 2F 0-1: Ball 1-1: Swinging Strike 1-2: Strikes out swinging
|
Batting: RHB José Velásquez
|
0-0: Ball 1-0: Ball 2-0: Fly out, F8 (Flyball, 8LS)
|
Bottom of the 5th over - 0 run(s), 1 hit(s), 0 error(s), 2 left on base; Mt Pleasant 0 - Penquannock 4 |
TOP OF THE 6TH |
Mt Pleasant Bearcats batting - Pitching for Penquannock Overrated Jeter : RHP Javier González
|
Pitching: RHP Toshikuni Nishimura
|
|
Batting: RHB Jeffrey Hicks
|
0-0: Ball 1-0: Called Strike 1-1: Ball 2-1: Ball 3-1: Base on Balls
|
Batting: RHB Ryosei Yamamoto
|
0-0: Called Strike 0-1: Ball 1-1: Called Strike 1-2: Fly out, F8 (Flyball, 89D)
|
Batting: RHB Juan Trujillo
|
0-0: Called Strike 0-1: Ball 1-1: Swinging Strike 1-2: Ball 2-2: Ball 3-2: Grounds into double play, 6-4-3 (Groundball, 6)
|
Top of the 6th over - 0 run(s), 0 hit(s), 0 error(s), 0 left on base; Mt Pleasant 0 - Penquannock 4 |
BOTTOM OF THE 6TH |
Penquannock Overrated Jeter batting - Pitching for Mt Pleasant Bearcats : LHP Dwight Livingston
|
Batting: LHB Pete Weber
|
0-0: Called Strike 0-1: Ball 1-1: Ball 2-1: Ball 3-1: Foul Ball, location: 2F 3-2: Fly out, F8 (Flyball, 8RD)
|
Batting: LHB Tony Green
|
0-0: Foul Ball, location: 2F 0-1: Ball 1-1: Ball 2-1: Ball 3-1: Called Strike 3-2: Base on Balls
|
Batting: RHB Manny Perea
|
0-0: Called Strike 0-1: Ball 1-1: Swinging Strike 1-2: Foul Ball, location: 2F 1-2: Ball 2-2: Strikes out swinging
|
Batting: RHB Armando Pagán
|
0-0: Called Strike 0-1: Ball 1-1: Foul Ball, location: 2F 1-2: Ball 2-2: Strikes out swinging
|
Bottom of the 6th over - 0 run(s), 0 hit(s), 0 error(s), 1 left on base; Mt Pleasant 0 - Penquannock 4 |
TOP OF THE 7TH |
Mt Pleasant Bearcats batting - Pitching for Penquannock Overrated Jeter : RHP Toshikuni Nishimura
|
Batting: SHB Roberto Rivera
|
0-0: Foul Ball, location: 2F 0-1: Ball 1-1: SOLO HOME RUN (Flyball, 89XD), Distance : 412 ft
|
Batting: RHB Jim Beck
|
0-0: Called Strike 0-1: SOLO HOME RUN (Flyball, 89XD), Distance : 401 ft
|
Batting: RHB Irving Galloway
|
0-0: Called Strike 0-1: Swinging Strike 0-2: SINGLE (Groundball, 6MD)
|
Batting: RHB Tom Hicks
|
0-0: Ball 1-0: Ball 2-0: Ball 3-0: Base on Balls Irving Galloway to second
|
Batting: SHB Juan Carlos González
|
0-0: Ball 1-0: Fielders Choice at 2nd, 3-6 (Groundball, 34) Irving Galloway to third
|
Batting: RHB Yasutoki Kojima
|
0-0: Ball Balk! Irving Galloway scores Juan Carlos González to second 1-0: Called Strike 1-1: Ball 2-1: Foul Ball, location: 2F 2-2: Strikes out swinging
|
Batting: RHB Jeffrey Hicks
|
0-0: Swinging Strike 0-1: Ball 1-1: Called Strike 1-2: Foul Ball, location: 2F 1-2: Ball 2-2: Ball 3-2: Foul Ball, location: 2F 3-2: Base on Balls
|
Pitching: LHP Héctor Díaz
|
|
Batting: RHB Ryosei Yamamoto
|
0-0: Called Strike 0-1: Ball 1-1: Fielders Choice at 2nd, 6-4 (Groundball, 6)
|
Top of the 7th over - 3 run(s), 3 hit(s), 0 error(s), 1 left on base; Mt Pleasant 3 - Penquannock 4 |
BOTTOM OF THE 7TH |
Penquannock Overrated Jeter batting - Pitching for Mt Pleasant Bearcats : LHP Dwight Livingston
|
Batting: RHB Barton Frazier
|
0-0: Called Strike 0-1: Called Strike 0-2: Ball 1-2: Ball 2-2: Ground out 5-3 (Groundball, 56)
|
Pitching: LHP José Chávez
|
|
Batting: LHB Matt Reese
|
0-0: Ball 1-0: Ball 2-0: Ball 3-0: Base on Balls
|
Batting: RHB António Rodríguez
|
0-0: Called Strike 0-1: Foul Ball, location: 2F 0-2: Strikes out swinging
|
Batting: RHB Doug Brown
|
0-0: Ball 1-0: Ball 2-0: Foul Ball, location: 2F 2-1: Ball 3-1: Swinging Strike 3-2: Strikes out swinging
|
Bottom of the 7th over - 0 run(s), 0 hit(s), 0 error(s), 1 left on base; Mt Pleasant 3 - Penquannock 4 |
TOP OF THE 8TH |
Mt Pleasant Bearcats batting - Pitching for Penquannock Overrated Jeter : LHP Héctor Díaz
|
Batting: RHB Juan Trujillo
|
0-0: Ball 1-0: Ball 2-0: Ball 3-0: Foul Ball, location: 2F 3-1: SINGLE (Groundball, 56S) (infield hit)
|
Batting: SHB Roberto Rivera
|
0-0: Ball 1-0: Ball 2-0: Foul Ball, location: 2F 2-1: Hit by Pitch Juan Trujillo to second
|
Batting: RHB Jim Beck
|
0-0: Ball 1-0: Ball 2-0: Ball 3-0: Called Strike 3-1: Called Strike 3-2: Foul Ball, location: 2F 3-2: Strikes out looking
|
Batting: RHB Irving Galloway
|
0-0: Called Strike 0-1: Ball 1-1: Foul Ball, location: 2F 1-2: Fly out, F3 (Popup, 3L)
|
Pitching: RHP Joaquín Rojas
|
|
Pinch Hitting: RHB Ichizo Akiyama
|
0-0: SINGLE (Groundball, 6MD) Juan Trujillo to third Roberto Rivera to second Runner from 3rd tries for Home, SAFE, no throw
|
Pinch Hitting: LHB Colm Massey
|
0-0: Called Strike 0-1: Ball 1-1: Ball 2-1: Fly out, F7 (Flyball, 78M)
|
Top of the 8th over - 1 run(s), 2 hit(s), 0 error(s), 2 left on base; Mt Pleasant 4 - Penquannock 4 |
BOTTOM OF THE 8TH |
Penquannock Overrated Jeter batting - Pitching for Mt Pleasant Bearcats : LHP José Chávez
|
Now at 3B: Colm Massey
|
|
Now at SS: Ichizo Akiyama
|
|
Batting: RHB José Velásquez
|
0-0: Ball 1-0: Foul Ball, location: 2F 1-1: Ball 2-1: Ball 3-1: Foul Ball, location: 2F 3-2: Strikes out swinging
|
Pinch Hitting: RHB Vincent Fields
|
0-0: Ball 1-0: Called Strike 1-1: SINGLE (Groundball, 56D)
|
Pinch Hitting: RHB Yale Julien
|
0-0: Ball 1-0: SINGLE (Groundball, 4MD) Vincent Fields to second
|
Batting: RHB Manny Perea
|
0-0: Fly out, F8 (Flyball, 8LS)
|
Batting: RHB Armando Pagán
|
0-0: Called Strike 0-1: Ball 1-1: Foul Ball, location: 2F 1-2: Ball 2-2: Foul Ball, location: 2F 2-2: Ball 3-2: 3-RUN HOME RUN (Flyball, 89XD), Distance : 399 ft
|
Batting: RHB Barton Frazier
|
0-0: Foul Ball, location: 2F 0-1: Called Strike 0-2: Ground out 5-3 (Groundball, 56S)
|
Bottom of the 8th over - 3 run(s), 3 hit(s), 0 error(s), 0 left on base; Mt Pleasant 4 - Penquannock 7 |
TOP OF THE 9TH |
Mt Pleasant Bearcats batting - Pitching for Penquannock Overrated Jeter : RHP Joaquín Rojas
|
Now at 2B: Shi-fu Liu
|
|
Now at 3B: Aaron Holt
|
|
Batting: RHB Yasutoki Kojima
|
0-0: SINGLE (Groundball, 34D)
|
Batting: RHB Jeffrey Hicks
|
0-0: Called Strike 0-1: Swinging Strike 0-2: SINGLE (Flyball, 9LS) Yasutoki Kojima to second Runner from 2nd tries for 3rd, SAFE, throw made to third
|
Batting: RHB Ryosei Yamamoto
|
0-0: Called Strike 0-1: Foul Ball, location: 2F 0-2: Ball 1-2: Ball 2-2: Strikes out swinging
|
Pinch Hitting: SHB William Hamilton
|
0-0: Ball 1-0: Hit by Pitch Jeffrey Hicks to second
|
Batting: SHB Roberto Rivera
|
0-0: Ball 1-0: SINGLE (Flyball, 6MD) Yasutoki Kojima scores Jeffrey Hicks to third William Hamilton to second
|
Batting: RHB Jim Beck
|
0-0: Ball 1-0: Ball 2-0: Called Strike 2-1: Swinging Strike 2-2: Fly out, F7 (Flyball, 7) Runner from 3rd tags up, SCORES, no throw
|
Pinch Runner at 2nd Gino Canio:
|
|
Batting: RHB Irving Galloway
|
0-0: Fielders Choice at 2nd, 5-4 (Groundball, 56)
|
Top of the 9th over - 2 run(s), 3 hit(s), 0 error(s), 1 left on base; Mt Pleasant 6 - Penquannock 7 |
|